 Dungeon Sprint DCSS version 0.27-a0-1579-g97d2440184 (webtiles) character file.

Game seed: 11203030561620191426

208868 mhtbhm the End of an Era (level 18, -8/200 HPs)
             Began as a Minotaur Fighter on July 17, 2021.
             Was the Champion of Qazlal.
             Mangled by Xepaz the pandemonium lord (12 damage)
             ... in the Dungeon (Sprint V: "Ziggurat Sprint").
             The game lasted 00:14:49 (3477 turns).

mhtbhm the End of an Era (Minotaur Fighter)         Turns: 3477, Time: 00:14:50

Health: -8/200     AC: 40    Str: 38    XL:     18   Next: 51%
Magic:  7/34       EV:  6    Int:  9    God:    Qazlal [******]
Gold:   14         SH: 46    Dex: 10    Spells: 17/17 levels left

rFire    . . .     SeeInvis +   a - +14 obsidian axe {vorpal, Drain Fly SInv}
rCold    + . .     Faith    +   c - +18 shield of the Gong {rElec rN+ Will+ EV-5}
rNeg     + . .     Spirit   .   b - +15 Maxwell's patent armour {-Cast -Tele rElec Will+ rCorr}
rPois    +         Reflect  .   (helmet restricted)
rElec    +         Harm     .   N - +2 cloak {rPois}
rCorr    +         Rampage  .   M - +0 pair of gloves of the Salmon {Str+2 SInv}
Will     +++..     Rnd*Rage +   H - +1 pair of boots {Stlth+} Stlth +.........NoTele +
                                w - amulet of the Well-Known Souls {Faith rElec Str-3 Int+4 Stlth+}
HPRegen  0.43/turn NoCast   +   y - +6 ring of strength
MPRegen  0.24/turn              z - +6 ring of strength

@: protected from cold, flying, mesmerised, studying 3 skills, repel missiles
A: horns 2, retaliatory headbutt, berserk 1, deformed body, weak 1, subdued
magic 1
a: Renounce Religion, Upheaval, Elemental Force, Disaster Area


You were in the Dungeon.
You worshipped Qazlal.
Qazlal was exalted by your worship.
You visited 1 branch You collected 14 gold pieces.

Inventory:

Hand Weapons
 a - the +14 obsidian axe (weapon) {vorpal, Drain Fly SInv}
   (You found it in the Dungeon)

   It inflicts extra damage upon your enemies.
   It occasionally summons demons to assist the wielder when it strikes in
   combat.
   Its wielder is mesmerised by any visible foes.
   It cannot be unequipped while any foes are visible.
   SInv:      It lets you see invisible.
   Fly:       It grants you flight.
   Drain:     It drains your maximum health when unequipped.
 t - the +8 lance "Wyrmbane" {slay drac, rPois rF+ rC+ AC+3}
   (You found it in the Dungeon)

   It inflicts extra damage against dragons and draconians.
   AC:        It affects your AC (+3).
   rF:        It protects you from fire.
   rC:        It protects you from cold.
   rPois:     It protects you from poison.
 u - a +3 vampiric broad axe
Missiles
 I - 5 curare-tipped darts (quivered)
Armour
 b - the +15 Maxwell's patent armour (worn) {-Cast -Tele rElec Will+ rCorr}
   (You found it in the Dungeon)

   rElec:     It insulates you from electricity.
   -Cast:     It prevents spellcasting.
   -Tele:     It prevents most forms of teleportation.
   rCorr:     It protects you from acid and corrosion.
   Will:      It increases your willpower.
 c - the +18 shield of the Gong (worn) {rElec rN+ Will+ EV-5}
   (You found it in the Dungeon)

   It is deafeningly noisy when blocking attacks.
   EV:        It affects your evasion (-5).
   rElec:     It insulates you from electricity.
   rN:        It protects you from negative energy.
   Will:      It increases your willpower.
 H - a +1 pair of boots of stealth (worn)
 M - the +0 pair of gloves of the Salmon (worn) {Str+2 SInv}
   (You found it in the Dungeon)

   Str:       It affects your strength (+2).
   SInv:      It lets you see invisible.
 N - a +2 cloak of poison resistance (worn)
Jewellery
 w - the amulet of the Well-Known Souls (around neck) {Faith rElec Str-3 Int+4 Stlth+}
   (You found it in the Dungeon)

   [amulet of faith]

   It allows you to gain divine favour quickly.
   Str:       It affects your strength (-3).
   Int:       It affects your intelligence (+4).
   rElec:     It insulates you from electricity.
   Stlth:     It makes you more stealthy.
 y - a +6 ring of strength (left hand)
 z - a +6 ring of strength (right hand)
 T - the amulet "Taipef" {Reflect Int+2 Dex+2 SH+5}
   (You found it in the Dungeon)

   [amulet of reflection]

   It reflects blocked missile attacks.
   Int:       It affects your intelligence (+2).
   Dex:       It affects your dexterity (+2).
   SH:        It affects your SH (+5).
Wands
 A - a wand of mindburst (7)
 B - a wand of iceblast (7)
 C - a wand of acid (5)
 J - a wand of polymorph (11)
Scrolls
 j - 4 scrolls of blinking
 o - 4 scrolls of amnesia
 p - 7 scrolls of fog
 q - 2 scrolls of holy word
 r - 5 scrolls of identify
 s - 2 scrolls of fear
 O - 4 scrolls of enchant armour
 P - 2 scrolls of brand weapon
Potions
 d - 6 potions of might
 e - 10 potions of curing
 f - 9 potions of heal wounds
 g - 6 potions of haste
 h - 7 potions of magic
 i - 2 potions of berserk rage
 k - 3 potions of brilliance
 l - 2 potions of invisibility
 m - 4 potions of resistance
Miscellaneous
 v - a piece from Xom's chessboard (15/15)
 x - a phantom mirror
 D - a lightning rod (4/4)
 E - a box of beasts
 F - a tin of tremorstones (2/2)
 L - a condenser vane (inert)


   Skills:
 O Level 27 Fighting
 O Level 27 Axes
 + Level 23.9 Armour
 + Level 4.1 Dodging
 + Level 14.1 Stealth
 O Level 27 Shields
 O Level 27 Invocations
 + Level 12.4 Evocations


You had 17 spell levels left.
You didn't know any spells.
Your spell library contained the following spells:

 Spells                   Type           Power      Damage    Failure   Level
 Animate Skeleton         Necr           0%         N/A       67%         1
 Apportation              Tloc           0%         N/A       67%         1
 Corona                   Hex            0%         N/A       67%         1
 Foxfire                  Conj/Fire      0%         2x1d4     67%         1
 Magic Dart               Conj           0%         1d3       67%         1
 Pain                     Necr           0%         1d4       67%         1
 Sandblast                Erth           0%         2d4       67%         1
 Shock                    Conj/Air       0%         1d3       67%         1
 Sting                    Tmut/Pois      0%         1d3       67%         1
 Summon Small Mammal      Summ           0%         N/A       67%         1
 Blink                    Tloc           N/A        N/A       82%         2
 Call Imp                 Summ           0%         N/A       82%         2
 Ensorcelled Hibernation  Hex/Ice        0%         N/A       82%         2
 Passwall                 Tmut/Erth      0%         N/A       82%         2
 Poisonous Vapours        Pois/Air       0%         N/A       82%         2
 Slow                     Hex            0%         N/A       82%         2
 Static Discharge         Conj/Air       0%         N/A       82%         2
 Sublimation of Blood     Necr           0%         N/A       82%         2
 Gell's Gravitas          Tloc           0%         N/A       96%         3
 Ignite Poison            Fire/Tmut/Pois 0%         N/A       96%         3
 Inner Flame              Hex/Fire       0%         N/A       96%         3
 Mephitic Cloud           Conj/Pois/Air  0%         N/A       96%         3
 Ozocubu's Armour         Ice            0%         N/A       96%         3
 Portal Projectile        Hex/Tloc       0%         N/A       96%         3
 Stone Arrow              Conj/Erth      0%         3d7       96%         3
 Summon Guardian Golem    Hex/Summ       0%         N/A       96%         3
 Swiftness                Air            0%         N/A       96%         3
 Tukima's Dance           Hex            0%         N/A       96%         3
 Airstrike                Air            0%         N/A       100%        4
 Animate Armour           Summ/Erth      0%         N/A       100%        4
 Animate Dead             Necr           0%         N/A       100%        4
 Cause Fear               Hex            0%         N/A       100%        4
 Dispel Undead            Necr           0%         3d6       100%        4
 Leda's Liquefaction      Hex/Erth       0%         N/A       100%        4
 Olgreb's Toxic Radiance  Pois           0%         N/A       100%        4
 Passage of Golubria      Tloc           N/A        N/A       100%        4
 Petrify                  Tmut/Erth      0%         N/A       100%        4
 Sticky Flame             Conj/Fire      0%         2d3       100%        4
 Summon Lightning Spire   Summ/Air       0%         N/A       100%        4
 Agony                    Necr           0%         N/A       100%        5
 Alistair's Intoxication  Tmut/Pois      0%         N/A       100%        5
 Blade Hands              Tmut           0%         N/A       100%        5
 Bolt of Magma            Conj/Fire/Erth 0%         4d4       100%        5
 Excruciating Wounds      Necr           0%         N/A       100%        5
 Fireball                 Conj/Fire      0%         3d3       100%        5
 Freezing Cloud           Conj/Ice/Air   0%         6-21      100%        5
 Iskenderun's Battlesphe  Conj           0%         2d6       100%        5
 Lee's Rapid Deconstruct  Erth           0%         3d5*      100%        5
 Manifold Assault         Tloc           0%         N/A       100%        5
 Metabolic Englaciation   Hex/Ice        0%         N/A       100%        5
 Silence                  Hex/Air        0%         N/A       100%        5
 Summon Forest            Summ/Tloc      0%         N/A       100%        5
 Summon Mana Viper        Hex/Summ       0%         N/A       100%        5
 Yara's Violent Unravell  Hex/Tmut       0%         3d3       100%        5
 Conjure Ball Lightning   Conj/Air       0%         3x3d6     100%        6
 Invisibility             Hex            0%         N/A       100%        6
 Iron Shot                Conj/Erth      0%         9d1       100%        6
 Shadow Creatures         Summ           N/A        N/A       100%        6
 Simulacrum               Ice/Necr       0%         N/A       100%        6
 Statue Form              Tmut/Erth      0%         N/A       100%        6
 Dragon Form              Tmut           0%         N/A       100%        7
 Haunt                    Necr/Summ      0%         N/A       100%        7
 Malign Gateway           Summ/Tloc      0%         N/A       100%        7
 Orb of Destruction       Conj           0%         N/A       100%        7
 Ozocubu's Refrigeration  Ice            0%         4d5       100%        7
 Storm Form               Tmut/Air       0%         N/A       100%        7
 Infestation              Necr           0%         N/A       100%        8
 Lehudib's Crystal Spear  Conj/Erth      0%         10d2      100%        8
 Necromutation            Tmut/Necr      0%         N/A       100%        8
 Summon Horrible Things   Summ           0%         N/A       100%        8
 Death's Door             Necr           0%         N/A       100%        9
 Dragon's Call            Summ           0%         N/A       100%        9
 Polar Vortex             Ice            0%         N/A       100%        9


Dungeon Overview and Level Annotations

Branches:
Dungeon (1/1)

Altars:
Ashenzari
Cheibriados
Dithmenos
Elyvilon
Fedhas
Gozag
Hepliaklqana
Kikubaaqudgha
Makhleb
Nemelex Xobeh
Okawaru
Qazlal
Ru
Sif Muna
Trog
Uskayaw
Vehumet
Wu Jian
Xom
Yredelemnul
Zin
The Shining One
Beogh
Jiyva
Lugonu


Innate Abilities, Weirdness & Mutations

You have a pair of horns on your head.
You reflexively headbutt those who attack you in melee.
You tend to lose your temper in combat.
Armour fits poorly on your strangely shaped body.
You are weak. (Str -2)
Your spells are a little easier to cast, but a little less powerful.


Message History

GONNNNG!
Seanuwoi is engulfed in freezing vapours.
You block Seanuwoi's attack.
BOUMMMMG!
Lene is engulfed in freezing vapours.
Lene hits your hellwing!!
Fakadisu sneers, "Return whence thou came, thou peaked base-court crab-lanthorn!"
Xepaz is engulfed in freezing vapours.
You block Xepaz's attack.
PTOANNNG!
Your hellwing misses Lene.
Your hellwing completely misses Lene.
Isowk sneers, "Slither hence whilst life thou hast!"
Cami gestures.
Wosoytra hits you but does no damage.
Nupaokhle is engulfed in freezing vapours.
Geaz Tops is engulfed in freezing vapours.
Geaz Tops gestures.
Send 'em back where they came from!
Your neqoxec shudders.
Your hellwing shudders.
Your smoke demon shudders.
Something breathes, "Run away, thou warped toot-wallowing socdollager!"
Unknown command.
You hit Geaz Tops but do no damage.
You headbutt Geaz Tops, but do no damage.
Geaz Tops is severely wounded.
You slice Wusujece!!
You kill Wusujece!
Qazlal accepts your kill.
You slice Goatool!! You slash Wosoytra!
You kill Wosoytra!
Qazlal accepts your kill.
You hit Seanuwoi but do no damage. You closely miss Xepaz.
Visions of slaying Geaz Tops flood into your mind.
Noel comes into view.
The golden eye blinks at you. You resist with almost no effort.
The golden eye is engulfed in freezing vapours.
You kill the golden eye!
Seanuwoi is engulfed in freezing vapours.
You block Seanuwoi's attack.
PANG!
Xepaz is engulfed in freezing vapours.
Xepaz hits you!
You die...

≈≈§≈§≈§&4§§§§&&
≈§:§§§G§§§§≈§§1
.§§&.≈G§§≈§≈.§§
≈§≈§§&§§..§&§2§
≈≈≈≈§§&§§§..≈.§
.≈.≈§&§&§&.≈...
≈.≈..4&§&§&≈≈..
.....°°@&°≈≈≈..
≈..▓≈°☼&§§.▓...
.. ▓▓.3.3☼▓▓ ..
...▓≈≈.≈.≈≈▓...
..≈≈≈..≈.......
..≈..≈≈....≈...
.....≈.©.......
▓▓▓▓▓▓▓▓▓▓▓▓▓▓▓


You could see Cami, Ceacluti, Fakadisu, Geaz Tops (mesmerising, invisible),
Goatool, Isowk (clouds), Keludd, Lene (ally target), Noel, Nupaokhle, Seanuwoi,
Soeg, Woumn, Xepaz, a Tzitzimitl (summoned), a lorocyproca (summoned,
invisible), an ice devil, 2 golden eyes, a friendly hellwing (summoned), a
friendly smoke demon (summoned) and a friendly neqoxec (summoned).

Vanquished Creatures
  A juggernaut (shapeshifter) (D)
  Saint Roka (D)
  4 shard shrikes (shapeshifter) (D)
  3 caustic shrikes (shapeshifter) (D)
  14 pandemonium lords (D)
  Rupert (D)
  An Ice Fiend (D)
  A lich (D)
  Polyphemus (D)
  An Executioner (D)
  3 shadow dragons (D)
  Agnes (D)
  An azure jelly (shapeshifter) (D)
  A rockslime (shapeshifter) (D)
  4 frost giants (D)
  A ghost moth (shapeshifter) (D)
  4 ghost moths (D)
  Louise (D)
  8 reapers (D)
  A stone giant (D)
  A corrupter (D)
  3 spark wasps (D)
  A white draconian (D)
  A red draconian (D)
  3 entropy weavers (D)
  A green death (D)
  3 blizzard demons (D)
  An ettin (shapeshifter) (D)
  14 vault guards (D)
  A hell beast (D)
  A monstrous demonspawn (D)
  2 ice dragons (D)
  3 two-headed ogres (D)
  Sonja (D)
  A shock serpent (shapeshifter) (D)
  An iron golem (D)
  A fire crab (shapeshifter) (D)
  5 sixfirhies (D)
  A deep troll (shapeshifter) (D)
  A skeletal warrior (D)
  A sea snake (shapeshifter) (D)
  A swamp dragon (shapeshifter) (D)
  A glowing orange brain (shapeshifter) (D)
  A lindwurm (shapeshifter) (D)
  6 orb spiders (D)
  A large abomination (D)
  A mana viper (shapeshifter) (D)
  An ugly thing (D)
  3 cyclopes (D)
  11 wolf spiders (D)
  4 draconians (D)
  A shining eye (D)
  2 manticores (shapeshifter) (D)
  A shining eye (shapeshifter) (D)
  Maurice (D)
  2 moths of wrath (D)
  3 torpor snails (D)
  A black mamba (shapeshifter) (D)
  A guardian serpent (shapeshifter) (D)
  A torpor snail (shapeshifter) (D)
  2 smoke demons (D)
  An orange demon (D)
  3 rust devils (D)
  2 rime drakes (D)
  An unseen horror (shapeshifter) (D)
  2 hellions (D)
  4 freezing wraiths (D)
  7 tormentors (D)
  3 ice devils (D)
  A komodo dragon (shapeshifter) (D)
  A yaktaur (shapeshifter) (D)
  4 demonic crawlers (D)
  2 hellwings (D)
  A polar bear (D)
  A queen bee (shapeshifter) (D)
  A troll (shapeshifter) (D)
  11 jumping spiders (D)
  2 red devils (D)
  5 trolls (D)
  Prince Ribbit (D)
  A meliai (shapeshifter) (D)
  5 wind drakes (D)
  A slime creature (shapeshifter) (D)
  11 hornets (D)
  A snapping turtle (shapeshifter) (D)
  A tyrant leech (shapeshifter) (D)
  3 air elementals (D)
  3 shadows (D)
  11 tarantellas (D)
  6 redbacks (D)
  3 wraiths (D)
  2 ynoxinuls (D)
  A tarantella (shapeshifter) (D)
  2 yaks (shapeshifter) (D)
  A basilisk (shapeshifter) (D)
  Grum (D)
  2 neqoxecs (D)
  A chaos spawn (D)
  A floating eye (shapeshifter) (D)
  A hell hound (D)
  A necrophage (D)
  An ogre (D)
  Blork the orc (D)
  Dowan (D)
  2 wights (D)
  2 crimson imps (D)
  2 quasits (D)
  7 iron imps (D)
  Jessica (D)
  An iguana (shapeshifter) (D)
  A mummy (D)
  A river rat (D)
  A shadow imp (D)
  3 white imps (D)
  6 adder zombies (D)
  An adder simulacrum (D)
  An orc (D)
  A ball python (D)
  3 bat skeletons (D)
  A bat zombie (D)
  3 jackals (D)
  3 ball python simulacra (D)
  6 ball python skeletons (D)
  3 ball python zombies (D)
  A giant cockroach simulacrum (D)
  5 giant cockroach zombies (D)
  3 jackal zombies (D)
  A quokka simulacrum (D)
  4 quokka skeletons (D)
  2 quokka zombies (D)
325 creatures vanquished.

Vanquished Creatures (collateral kills)
  A black draconian (D)
  A yellow draconian (D)
  2 draconians (D)
  A red devil (D)
  A chaos spawn (D)
  A hell hound (D)
  A bullfrog (D)
  An orc priest (D)
  An adder (D)
  A bat skeleton (D)
  A ball python (D)
  A ball python skeleton (D)
13 creatures vanquished.

Vanquished Creatures (others)
  Nikola (D)
  2 briar patches (D)
3 creatures vanquished.

Grand Total: 341 creatures vanquished

Notes
Turn   | Place    | Note
-------+----------+-------------------------------------------
     0 | D        | mhtbhm the Minotaur Fighter began the quest for the Orb.
     0 | D        | Reached XP level 1. HP: 19/19 MP: 0/0
     0 | D        | Found a shimmering blue altar of Sif Muna.
     0 | D        | Found a bloodstained altar of Trog.
     0 | D        | Found a sacrificial altar of Ru.
     0 | D        | Found a stormy altar of Qazlal.
     0 | D        | Found an iron altar of Okawaru.
     1 | D        | Found a sparkling altar of Nemelex Xobeh.
     1 | D        | Found a blossoming altar of Fedhas.
     2 | D        | Found the +6 Majin-Bo {vamp, MP+6 Int+6}
     2 | D        | Found the +9 heavy crossbow "Sniper" {vorpal, Acc+∞ SInv}
     2 | D        | Found the +10 dark maul {vorpal}
     2 | D        | Found the +15 Maxwell's patent armour {-Cast -Tele rElec
                  | Will+ rCorr}
     2 | D        | Found the +18 shield of the Gong {rElec rN+ Will+ EV-5}
     2 | D        | Found the +14 obsidian axe {vorpal, Drain Fly SInv}
     2 | D        | Found the +7 great mace "Firestarter" {inner flame, rF++}
     2 | D        | Found the +6 shillelagh "Devastator" {shatter}
     2 | D        | Found the +11 plutonium sword {Contam Stlth-}
     2 | D        | Found the +8 lance "Wyrmbane" {slay drac, rPois rF+ rC+
                  | AC+3}
     2 | D        | Found the +9 sword of Zonguldrok {reap}
     2 | D        | Found the +13 scythe of Curses {drain, Drain}
     2 | D        | Found the +5 sword of Power {vorpal}
     2 | D        | Found the +7 mace of Variability {chain chaos}
     2 | D        | Found the +7 Singing Sword {vorpal, sonic wave}
     2 | D        | Found the +8 storm bow {elec, penet}
     3 | D        | Found a transporter.
     3 | D        | Found an ancient bone altar of Kikubaaqudgha.
     3 | D        | Found a viscous altar of Jiyva.
     3 | D        | Found a corrupted altar of Lugonu.
     3 | D        | Found a hazy altar of Hepliaklqana.
     3 | D        | Found a burning altar of Makhleb.
     3 | D        | Found an opulent altar of Gozag.
    69 | D        | Became a worshipper of Qazlal Stormbringer
    85 | D        | Entered arena 2.
    85 | D        | Noticed an orc priest
    85 | D        | Found a transporter.
    88 | D        | Killed an orc priest
    89 | D        | Reached skill level 5 in Fighting
    89 | D        | Reached skill level 5 in Armour
    89 | D        | Reached skill level 5 in Shields
    89 | D        | Reached XP level 2. HP: 26/29 MP: 1/1
   131 | D        | Entered arena 3.
   131 | D        | Found a transporter.
   133 | D        | Reached * piety under Qazlal
   134 | D        | Reached XP level 3. HP: 36/36 MP: 2/2
   141 | D        | Entered arena 4.
   141 | D        | Noticed a hell hound
   141 | D        | Found a transporter.
   143 | D        | Reached ** piety under Qazlal
   145 | D        | Killed a hell hound
   146 | D        | Reached XP level 4. HP: 45/45 MP: 2/4
   148 | D        | Got the Handbook of Evil Rituals
   151 | D        | Entered arena 5.
   151 | D        | Noticed a draconian
   151 | D        | Noticed a draconian
   151 | D        | Noticed a draconian
   151 | D        | Noticed a yellow draconian
   151 | D        | Found a transporter.
   157 | D        | Killed a draconian
   157 | D        | Reached *** piety under Qazlal
   157 | D        | Killed a draconian
   158 | D        | Reached skill level 10 in Shields
   158 | D        | Reached XP level 5. HP: 8/57 MP: 3/9
   158 | D        | Reached XP level 6. HP: 9/64 MP: 3/10
   158 | D        | Reached XP level 7. HP: 10/70 MP: 3/11
   159 | D        | Killed a yellow draconian
   160 | D        | Reached skill level 10 in Fighting
   160 | D        | Reached skill level 10 in Axes
   160 | D        | Reached XP level 8. HP: 38/80 MP: 3/13
   160 | D        | Killed a draconian
   353 | D        | Entered arena 6.
   353 | D        | Found a transporter.
   356 | D        | Reached **** piety under Qazlal
   358 | D        | Reached ***** piety under Qazlal
   359 | D        | Reached XP level 9. HP: 89/89 MP: 14/14
   368 | D        | Entered arena 7.
   368 | D        | Noticed a cyan ugly thing
   368 | D        | Noticed a shining eye
   368 | D        | Noticed a black mamba
   369 | D        | Found a transporter.
   369 | D        | Gained mutation: Armour fits poorly on your strangely
                  | shaped body. [a neqoxec]
   370 | D        | Noticed a komodo dragon
   370 | D        | a yak changed into a komodo dragon
   373 | D        | Killed a black mamba
   374 | D        | Killed a cyan ugly thing
   374 | D        | Killed a komodo dragon
   375 | D        | Gained mutation: You tend to lose your temper in combat. [a
                  | neqoxec]
   377 | D        | Killed a shining eye
   379 | D        | Gained mutation: You are weak. (Str -2) [a neqoxec]
   392 | D        | Got the Grimoire of Calling
   517 | D        | Entered arena 8.
   517 | D        | Noticed a draconian
   517 | D        | Noticed a red draconian
   517 | D        | Noticed a draconian
   517 | D        | Noticed a white draconian
   517 | D        | Noticed a black draconian
   517 | D        | Noticed a draconian
   518 | D        | Found a transporter.
   525 | D        | Killed a white draconian
   526 | D        | Reached skill level 10 in Invocations
   526 | D        | Reached XP level 10. HP: 63/100 MP: 8/16
   528 | D        | Killed a draconian
   529 | D        | Killed a draconian
   531 | D        | Killed a draconian
   532 | D        | Killed a red draconian
   532 | D        | Reached ****** piety under Qazlal
   535 | D        | Killed a black draconian
   536 | D        | Reached skill level 15 in Axes
   547 | D        | Got the amulet of the Well-Known Souls {Faith rElec Str-3
                  | Int+4 Stlth+}
   758 | D        | Entered arena 9.
   758 | D        | Noticed a large abomination
   759 | D        | Found a transporter.
   764 | D        | Reached skill level 15 in Shields
   765 | D        | Killed a large abomination
   766 | D        | Reached XP level 11. HP: 97/111 MP: 18/18
   773 | D        | Got the Collected Works on Conjuration and Translocation
   785 | D        | Entered arena 10.
   786 | D        | Found a transporter.
   786 | D        | Paralysed by an air elemental for 1 turns
   790 | D        | Paralysed by an air elemental for 1 turns
   798 | D        | Reached skill level 15 in Fighting
  1034 | D        | Entered arena 11.
  1035 | D        | Found the ring of Shadows {Umbra +Inv Stlth+}
  1035 | D        | Found a transporter.
  1063 | D        | Entered arena 12.
  1063 | D        | Noticed a skeletal warrior
  1065 | D        | Found a transporter.
  1073 | D        | Killed a skeletal warrior
  1244 | D        | Entered arena 13.
  1244 | D        | Noticed a sixfirhy
  1244 | D        | Noticed a sixfirhy
  1244 | D        | Noticed a sixfirhy
  1244 | D        | Noticed a green death
  1244 | D        | Noticed a monstrous demonspawn
  1245 | D        | Noticed a torturous corrupter
  1246 | D        | Identified the ring "Tumacien" {Fly rC+ Dex+3}
  1248 | D        | Killed a sixfirhy
  1249 | D        | Killed a sixfirhy
  1250 | D        | Noticed a thorn hunter
  1251 | D        | Found a transporter.
  1252 | D        | Noticed an ironbound convoker
  1252 | D        | Noticed a war gargoyle
  1252 | D        | Killed a sixfirhy
  1256 | D        | Noticed a swamp dragon
  1256 | D        | Noticed a swamp dragon
  1256 | D        | Killed a green death
  1258 | D        | Killed a monstrous demonspawn
  1267 | D        | Killed a torturous corrupter
  1269 | D        | Reached XP level 12. HP: 106/125 MP: 20/20
  1312 | D        | Entered arena 14.
  1312 | D        | Noticed a blizzard demon
  1313 | D        | Noticed a blizzard demon
  1313 | D        | Noticed a frost giant
  1313 | D        | Noticed an ice dragon
  1313 | D        | Noticed a frost giant
  1318 | D        | Found a transporter.
  1319 | D        | Killed a blizzard demon
  1321 | D        | Killed an ice dragon
  1321 | D        | Killed a blizzard demon
  1323 | D        | Killed a frost giant
  1324 | D        | Killed a frost giant
  1367 | D        | Got the +0 pair of gloves of the Salmon {Str+2 SInv}
  1381 | D        | Got the ring "Tifurghept" {Ice Dex+4}
  1428 | D        | Entered arena 15.
  1428 | D        | Noticed a two-headed ogre
  1428 | D        | Noticed a stone giant
  1428 | D        | Noticed a two-headed ogre
  1430 | D        | Killed a two-headed ogre
  1431 | D        | Noticed a two-headed ogre
  1432 | D        | Found a transporter.
  1433 | D        | Killed a two-headed ogre
  1438 | D        | Killed a stone giant
  1439 | D        | Reached skill level 15 in Invocations
  1439 | D        | Killed a two-headed ogre
  1449 | D        | Got the ring "Ceucoass" {Fly Dex+2 SInv}
  1460 | D        | Got the ring "Ohuroi" {rElec AC+4 Dex+3 Stlth+}
  1483 | D        | Entered arena 16.
  1483 | D        | Noticed Agnes
  1483 | D        | Noticed Blork the orc
  1483 | D        | Noticed Nikola
  1483 | D        | Noticed Maurice
  1483 | D        | Noticed Sonja
  1484 | D        | Noticed Prince Ribbit
  1484 | D        | Noticed Polyphemus
  1484 | D        | Noticed Louise
  1484 | D        | Noticed Rupert
  1484 | D        | Noticed Grum
  1484 | D        | Noticed Jessica
  1484 | D        | Noticed Saint Roka
  1485 | D        | Killed Sonja
  1485 | D        | Killed Prince Ribbit
  1485 | D        | Killed Jessica
  1485 | D        | Killed Blork the orc
  1485 | D        | Killed Grum
  1485 | D        | Killed Maurice
  1485 | D        | Killed Louise
  1485 | D        | Killed Agnes
  1485 | D        | Noticed Dowan
  1486 | D        | Reached XP level 13. HP: 137/137 MP: 15/23
  1486 | D        | Killed Polyphemus
  1488 | D        | Found the +8 trident of the Octopus King {venom, rElec
                  | rPois Will+}
  1488 | D        | Found a transporter.
  1489 | D        | Killed Dowan
  1489 | D        | Killed Rupert
  1500 | D        | Killed Saint Roka
  1503 | D        | Killed Nikola
  1852 | D        | Entered arena 17.
  1854 | D        | Noticed a frost giant
  1855 | D        | Noticed a frost giant
  1855 | D        | Noticed a blizzard demon
  1858 | D        | Found a transporter.
  1860 | D        | Killed a frost giant
  1861 | D        | Killed a blizzard demon
  1866 | D        | Killed a frost giant
  1867 | D        | Reached skill level 15 in Armour
  1867 | D        | Reached skill level 1 in Evocations
  1867 | D        | Reached XP level 14. HP: 106/147 MP: 19/26
  1880 | D        | Got the Reference Book on Poison and the Blaze
  1987 | D        | Entered arena 18.
  1989 | D        | Noticed a shadow dragon
  1989 | D        | Noticed a shadow dragon
  1989 | D        | Identified the ring "Kiovvuuv" {Will+ Int+6}
  1990 | D        | Noticed a lich
  1990 | D        | Noticed a shadow dragon
  1992 | D        | Found a transporter.
  2000 | D        | Killed a shadow dragon
  2000 | D        | Killed a shadow dragon
  2001 | D        | Killed a lich
  2005 | D        | Killed a shadow dragon
  2007 | D        | Reached skill level 1 in Dodging
  2376 | D        | Entered arena 19.
  2391 | D        | Found a transporter.
  2398 | D        | Got Guih's Compendium of the Supportive Snowflakes
  2402 | D        | Got the amulet "Taipef" {Reflect Int+2 Dex+2 SH+5}
  2447 | D        | Entered arena 20.
  2501 | D        | Noticed a ghost moth
  2502 | D        | Killed a ghost moth
  2503 | D        | Reached XP level 15. HP: 158/158 MP: 14/29
  2504 | D        | Found a transporter.
  2513 | D        | Got the ring "Forget-Me-Not" {rF+ rC+ rCorr}
  2516 | D        | Got the amulet of the Final Chapter {Harm rPois Regen+
                  | Dex-4}
  2522 | D        | Got the ring of Peace {rPois rC+ Will+ Str+4 Int-3}
  2530 | D        | Got the Incunabulum of Bewitchment
  2532 | D        | Got Sif Muna's Papyrus of Venomous Displacement
  2547 | D        | Entered arena 21.
  2554 | D        | Found the amulet of the Air {Inacc Air Fly rElec RMsl}
  2560 | D        | Found a transporter.
  2587 | D        | Got Sif Muna's Catalogue of Evil and the Mountains
  2599 | D        | Got Asmodeus's Tome of the Escort
  2632 | D        | Entered arena 22.
  2785 | D        | Found the +2 robe of Vines {NoPotionHeal Regen+++}
  2785 | D        | Found a transporter.
  2874 | D        | Got the Tome of Execration
  2950 | D        | Entered arena 23.
  2955 | D        | Noticed a ghost moth
  2956 | D        | Noticed a ghost moth
  2957 | D        | Killed a ghost moth
  2957 | D        | Noticed a ghost moth
  2962 | D        | Killed a ghost moth
  2967 | D        | Killed a ghost moth
  2971 | D        | Found the +4 skin of Zhor {*Englaciate rC+++ SInv}
  2971 | D        | Found a transporter.
  3000 | D        | Got the ring "Laikuidod" {rCorr Str+3 Int+4}
  3010 | D        | Got the Guide on Creative Changing
  3052 | D        | Entered arena 24.
  3056 | D        | Noticed a shard shrike
  3057 | D        | Noticed a shard shrike
  3058 | D        | Noticed a juggernaut
  3058 | D        | Noticed a shard shrike
  3058 | D        | Noticed a rockslime
  3058 | D        | a shard shrike changed into a rockslime
  3058 | D        | Noticed a ghost moth
  3059 | D        | Noticed a shard shrike
  3059 | D        | Noticed a juggernaut
  3060 | D        | Killed a ghost moth
  3060 | D        | Killed a juggernaut
  3060 | D        | Killed a rockslime
  3060 | D        | Noticed a juggernaut
  3061 | D        | Reached XP level 16. HP: 128/170 MP: 14/32
  3061 | D        | Killed a shard shrike
  3062 | D        | Reached skill level 27 in Invocations
  3063 | D        | Reached skill level 5 in Evocations
  3063 | D        | Noticed a shard shrike
  3063 | D        | a shard shrike changed into a rockslime
  3063 | D        | Noticed a shard shrike
  3063 | D        | a juggernaut changed into a shard shrike
  3063 | D        | Noticed a caustic shrike
  3063 | D        | a juggernaut changed into a caustic shrike
  3063 | D        | Noticed a titan
  3064 | D        | Noticed a juggernaut
  3064 | D        | a shard shrike changed into a juggernaut
  3064 | D        | a titan changed into a rockslime
  3064 | D        | Noticed an iron giant
  3064 | D        | a caustic shrike changed into an iron giant
  3065 | D        | Noticed a titan
  3065 | D        | a rockslime changed into a titan
  3065 | D        | Noticed a golden dragon
  3065 | D        | a juggernaut changed into a golden dragon
  3066 | D        | Killed a shard shrike
  3066 | D        | a titan changed into a rockslime
  3067 | D        | Killed a shard shrike
  3068 | D        | Found a transporter.
  3068 | D        | Noticed a shadow dragon
  3068 | D        | a golden dragon changed into a shadow dragon
  3069 | D        | Noticed a titan
  3069 | D        | a rockslime changed into a titan
  3069 | D        | Noticed a juggernaut
  3069 | D        | a rockslime changed into a juggernaut
  3070 | D        | Noticed an acid blob
  3070 | D        | a titan changed into an acid blob
  3070 | D        | Noticed a caustic shrike
  3070 | D        | a shadow dragon changed into a caustic shrike
  3070 | D        | Noticed a shard shrike
  3070 | D        | a juggernaut changed into a shard shrike
  3071 | D        | Noticed a caustic shrike
  3071 | D        | an acid blob changed into a caustic shrike
  3074 | D        | Killed a caustic shrike
  3074 | D        | Noticed a caustic shrike
  3074 | D        | an iron giant changed into a caustic shrike
  3075 | D        | Reached skill level 1 in Stealth
  3077 | D        | Killed a shard shrike
  3077 | D        | Gained mutation: Your spells are a little easier to cast,
                  | but a little less powerful. [a shining eye]
  3082 | D        | Killed a caustic shrike
  3083 | D        | Noticed a shadow dragon
  3083 | D        | a caustic shrike changed into a shadow dragon
  3084 | D        | Noticed a caustic shrike
  3084 | D        | a shadow dragon changed into a caustic shrike
  3087 | D        | Killed a caustic shrike
  3088 | D        | Reached skill level 27 in Shields
  3150 | D        | Got the ring "Kulidus" {AC+4 Int+5 Dex-3}
  3459 | D        | Entered arena 25.
  3460 | D        | Reached XP level 17. HP: 184/184 MP: 33/33
  3465 | D        | Noticed Xos Yjaq the pandemonium lord
  3465 | D        | Noticed Xepaz the pandemonium lord
  3465 | D        | Noticed Lacliuva the pandemonium lord
  3465 | D        | Noticed Dyarail the pandemonium lord
  3465 | D        | Noticed Byroh the pandemonium lord
  3465 | D        | Noticed Seanuwoi the pandemonium lord
  3466 | D        | Noticed Xaokhlepo the pandemonium lord
  3466 | D        | Noticed Siusarpha the pandemonium lord
  3466 | D        | Noticed Isowk the pandemonium lord
  3466 | D        | Noticed Rotwigh the pandemonium lord
  3466 | D        | Noticed Zecwin the pandemonium lord
  3466 | D        | Noticed Adeite the pandemonium lord
  3466 | D        | Noticed Tybolici the pandemonium lord
  3467 | D        | Noticed Iczaubyr the pandemonium lord
  3467 | D        | Killed an Ice Fiend
  3468 | D        | Killed Siusarpha the pandemonium lord
  3468 | D        | Killed Byroh the pandemonium lord
  3468 | D        | Killed Zecwin the pandemonium lord
  3468 | D        | Killed Iczaubyr the pandemonium lord
  3468 | D        | Killed Xos Yjaq the pandemonium lord
  3468 | D        | Noticed Goatool the pandemonium lord
  3468 | D        | Noticed Wosoytra the pandemonium lord
  3468 | D        | Noticed Fakadisu the pandemonium lord
  3469 | D        | Reached skill level 27 in Fighting
  3469 | D        | Reached skill level 27 in Axes
  3469 | D        | Reached XP level 18. HP: 103/200 MP: 19/34
  3469 | D        | Killed Lacliuva the pandemonium lord
  3469 | D        | Killed Adeite the pandemonium lord
  3469 | D        | Killed Luodixew the pandemonium lord
  3469 | D        | Killed Xaokhlepo the pandemonium lord
  3469 | D        | Killed Dyarail the pandemonium lord
  3469 | D        | Noticed Lene the pandemonium lord
  3469 | D        | Noticed Ceacluti the pandemonium lord
  3469 | D        | Noticed Cami the pandemonium lord
  3470 | D        | Killed Rotwigh the pandemonium lord
  3470 | D        | Killed Tybolici the pandemonium lord
  3471 | D        | Noticed Woumn the pandemonium lord
  3472 | D        | Noticed Keludd the pandemonium lord
  3473 | D        | Noticed Geaz Tops the pandemonium lord
  3473 | D        | Noticed Wusujece the pandemonium lord
  3473 | D        | Noticed Soeg the pandemonium lord
  3474 | D        | HP: 4/200 [Wosoytra the pandemonium lord (10)]
  3474 | D        | Noticed Niegh the pandemonium lord
  3474 | D        | Noticed Nupaokhle the pandemonium lord
  3477 | D        | Noticed a Tzitzimitl
  3477 | D        | Killed Wusujece the pandemonium lord
  3477 | D        | Killed Wosoytra the pandemonium lord
  3477 | D        | Noticed Noel the pandemonium lord
  3477 | D        | Mangled by Xepaz the pandemonium lord

Illustrated notes

Levels and vault maps discovered:
D:        sprint_v [room_start, room_1, room_2, room_3, room_4, room_5, room_6,
          room_7, room_8, room_9, room_10, room_11, room_12, room_13, room_14,
          room_15, room_16, room_17, room_18, room_19, room_20, room_21,
          room_22, room_23, room_24, room_25, room_26, room_27]

Skill      XL: |  1  2  3  4  5  6  7  8  9 10 11 12 13 14 15 16 17 18 |
---------------+-------------------------------------------------------+-----
Fighting       | 5 6 9 10 11 12 14 17 19 21 22 24 27 | 27.0
Axes           | 3 4 8 10 11 13 15 18 20 21 22 24 25 27 | 27.0
Armour         | 5 6 9 11 12 13 14 15 16 17 18 21 23 | 23.9
Shields        | 5 6 10 11 12 13 15 17 19 20 22 24 27 | 27.0
Invocations    | 2 6 8 10 11 13 15 19 23 26 27 | 27.0
Evocations     | 1 2 4 7 9 12 | 12.4
Dodging        | 2 3 4 |  4.1
Stealth        | 3 11 14 | 14.1

Action                   |  1- 3 |  4- 6 |  7- 9 | 10-12 | 13-15 | 16-18 || total
-------------------------+-------+-------+-------+-------+-------+-------++-------
Melee: Broad axe         |     7 |     4 |    19 |    75 |    60 |    31 ||   196
       Headbutt          |     1 |       |     4 |    17 |    16 |    12 ||    50
Invok: Disaster Area     |       |       |     1 |     4 |    12 |     4 ||    21
Evoke: Tin of tremorston |       |       |       |       |     2 |       ||     2
       Condenser vane    |       |       |       |       |     4 |     1 ||     5
       Wand              |       |       |       |       |     2 |       ||     2
  Use: Potion            |       |       |     1 |     2 |       |     4 ||     7
 Stab: Confused          |       |       |       |       |       |     2 ||     2
Armor: Plate armour      |     3 |     5 |     6 |    33 |    20 |    10 ||    77
Dodge: Dodged            |     1 |     2 |     3 |     5 |     2 |     2 ||    15
       Repelled          |       |       |       |     1 |       |       ||     1
Block: Kite shield       |    16 |    10 |    42 |   119 |   100 |    61 ||   348

Table legend: (Time is in decaauts)
 A = Elapsed time spent in this place.
 B = Non-inter-level travel time spent in this place.
 C = Inter-level travel time spent in this place.
 D = Time resting spent in this place.
 E = Time spent auto-exploring this place.
 F = Levels seen in this place.
 G = Mean time per level.
                   A        B        C        D        E       F      G
               +--------+--------+--------+--------+--------+-----+--------+
         Total |   3457 |   3457 |      0 |   1924 |    264 |   1 | 3457.0 |
       Dungeon |   3457 |   3457 |      0 |   1924 |    264 |   1 | 3457.0 |
               +--------+--------+--------+--------+--------+-----+--------+

Top non-repeatable levels by time:
       D: 3457 daAuts
